 Dungeon Crawl Stone Soup version 0.26-a0-708-g17f3b190f9 (webtiles) character file.

Game seed: 5726656939543506567

4585 jasper the Martial Artist (level 10, -6/80 HPs)
             Began as a Demonspawn Transmuter on Oct 29, 2020.
             Was an Elder of Okawaru.
             Mangled by Harold
             ... wielding a +0 trident
              (21 damage)
             ... on level 9 of the Dungeon.
             The game lasted 00:14:36 (10505 turns).

jasper the Martial Artist (Demonspawn Transmuter)  Turns: 10505, Time: 00:14:37

Health: -6/80      AC:  0    Str: 10    XL:     10   Next: 18%
Magic:  13/13      EV: 14    Int: 17    God:    Okawaru [****..]
Gold:   459        SH:  0    Dex: 17    Spells: 12/13 levels left

rFire    . . .     SeeInvis .     - Unarmed
rCold    . . .     Faith    .   (shield currently unavailable)
rNeg     . . .     Spirit   .   (armour currently unavailable)
rPois    .         Reflect  .   (helmet currently unavailable)
rElec    .         Harm     .   (cloak currently unavailable)
rCorr    .         Rampage  .   (gloves currently unavailable)
MR       .....                  (boots currently unavailable)
Stlth    +++.......             (no amulet)
HPRegen  0.23/turn              (ring currently unavailable)
MPRegen  0.13/turn              (ring currently unavailable)

@: pig-form, marked, very quick
A: small, thin skeletal structure 1, freezing cloud immunity
a: Heroism, Renounce Religion


You were on level 9 of the Dungeon.
You worshipped Okawaru.
Okawaru was greatly pleased with you.
You were a filthy swine.
You visited 2 branches of the dungeon, and saw 10 of its levels.

You collected 459 gold pieces.

Inventory:

Missiles
 j - 183 stones (quivered)
 w - 8 javelins
 G - 5 silver boomerangs
Armour
 a - a +0 robe
 b - a +0 buckler (melded)
 d - a +1 robe
 g - a +0 leather armour
 i - a +0 pair of gloves (melded)
 q - a +0 ring mail
 y - the +1 scale mail of Jaeble {rPois rF+ rN+}
   (You found it on level 5 of the Dungeon)

   It protects you from fire.
   It protects you from poison.
   It protects you from negative energy.
 z - the +1 scale mail of Fashionability {Rampage rC+ Stlth-}
   (You found it on level 5 of the Dungeon)

   It protects you from cold.
   It bestows one free step when moving towards enemies.
   It makes you less stealthy.
 H - a scarf of shadows
 O - the +3 scale mail "Noups" (melded) {rC+ Slay+3 Stlth-}
   (You found it on level 9 of the Dungeon)

   It affects your accuracy and damage with ranged weapons and melee attacks
   (+3).
   It protects you from cold.
   It makes you less stealthy.
Jewellery
 e - a +4 ring of protection (melded)
 s - a +4 ring of evasion (melded)
 t - a +6 ring of intelligence
 F - an uncursed ring of ice
Wands
 r - a wand of random effects (16)
 J - a wand of flame (6)
 N - a wand of acid (2)
Scrolls
 c - 4 scrolls of enchant armour
 f - 2 scrolls of amnesia {unknown}
 k - 3 scrolls of fear {unknown}
 m - 4 scrolls of remove curse
 o - 8 scrolls of teleportation
 x - 4 scrolls of immolation
 B - a scroll of enchant weapon {unknown}
 E - a scroll of noise {unknown}
 I - 2 scrolls of identify
 L - 2 scrolls of blinking {unknown}
Potions
 h - 3 potions of stabbing
 l - a potion of might
 n - 3 potions of curing
 p - 3 potions of brilliance {unknown}
 u - 2 potions of invisibility
 v - a potion of mutation
 A - 4 potions of flight {unknown}
 C - a potion of heal wounds
 D - a potion of berserk rage {unknown}
 K - 2 potions of cancellation {unknown}
 M - a potion of lignification


   Skills:
 + Level 7.9 Fighting
 + Level 4.6 Armour
 - Level 1.7 Dodging
 - Level 4.0 Shields
 * Level 10.1 Unarmed Combat
 - Level 2.0 Spellcasting
 - Level 1.7 Transmutations


You had 12 spell levels left.
You knew the following spells:

 Your Spells              Type           Power        Failure   Level
a - Beastly Appendage     Tmut           #.....       10%         1

Your spell library contained the following spells:

 Spells                   Type           Power        Failure   Level
 Wereblood                Tmut           #.......     14%         2
 Foxfire                  Conj/Fire      #...         19%         1
 Freeze                   Ice            #...         19%         1
 Magic Dart               Conj           #...         19%         1
 Blink                    Tloc           N/A          28%         2
 Call Imp                 Summ           #.......     28%         2
 Poisonous Vapours        Pois/Air       #.....       28%         2
 Slow                     Hex            #.......     28%         2
 Spider Form              Tmut/Pois      #.........   38%         3
 Conjure Flame            Conj/Fire      #.......     50%         3
 Frozen Ramparts          Ice            #.....       50%         3
 Inner Flame              Hex/Fire       #.......     50%         3
 Mephitic Cloud           Conj/Pois/Air  #.......     50%         3
 Ozocubu's Armour         Ice            #.......     50%         3
 Ice Form                 Ice/Tmut       #.......     80%         4
 Hailstorm                Conj/Ice       #.......     88%         4
 Sticky Flame             Conj/Fire      #.......     88%         4
 Summon Ice Beast         Ice/Summ       #.......     88%         4
 Blade Hands              Tmut           #.........   95%         5
 Fireball                 Conj/Fire      #.........   99%         5
 Freezing Cloud           Conj/Ice/Air   #.........   100%        6


Dungeon Overview and Level Annotations

Branches:
Dungeon (9/15)             Temple (1/1) D:7            Lair (0/6) D:8
    Orc: D:9-12

Altars:
Cheibriados
Dithmenos
Fedhas
Hepliaklqana
Okawaru
Ru
Trog
Uskayaw
Vehumet
Yredelemnul
The Shining One

Shops:
D:4 (

Annotations:
D:9 Harold


Innate Abilities, Weirdness & Mutations

((You have large cloven feet.))
You have a somewhat thin skeletal structure. (Dex +2, Stealth)
((Your flesh is cold resistant. (rC+)))
You are immune to freezing clouds.


Message History

You fail to use your ability.
Harold pauses a moment, imagining something with a smile on his face.
Harold misses you.
You barely miss Harold.
Harold is heavily wounded.
You completely miss Harold.
Harold is heavily wounded.
Harold zaps a wand.
You easily resist.
You hit Harold but do no damage.
Harold is heavily wounded.
Harold misses you.
You hit Harold but do no damage.
Harold is heavily wounded.
Harold hits you with a +0 trident!!
* * * LOW HITPOINT WARNING * * *
You take 26 damage, and have 15/80 hp.
MASSIVE DAMAGE!!
You hit Harold but do no damage.
Harold is heavily wounded.
Harold hits you with a +0 trident!!
You die...

###..## .# ##########
........ ............
..... #...........# #.@#
#...........# #h.#
#...........# #..#
#...........# #..#
#...........####..#####
#......................#
#...<..................#
#..#######..####..######
...# #..# #..# ...# #..#
#..#


You could see Harold.

Vanquished Creatures
  An unseen horror (D:9)
  Pikel (D:6)
  A komodo dragon (D:8)
  A troll (D:9)
  Prince Ribbit (D:7)
  Sigmund (D:7)
  Edmund (D:7)
  2 orc warriors (D:6)
  3 phantoms
  3 ice beasts
  A necrophage (D:8)
  An ogre (D:7)
  A centaur (D:5)
  4 lemures (D:6)
  A big kobold (D:7)
  A water moccasin zombie (D:9)
  A scorpion (D:9)
  4 killer bees (D:9)
  7 wights
  A howler monkey (D:9)
  A bullfrog zombie (D:5)
  A quasit (D:9)
  2 orc priests
  2 jellies
  4 hounds
  6 orc wizards
  Jessica (D:2)
  2 iguanas
  6 worker ants
  2 hound skeletons
  A worker ant zombie (D:8)
  3 gnolls (D:4)
  A howler monkey skeleton (D:5)
  6 adders
  2 shadow imps
  A white imp (D:5)
  2 ufetubi (D:7)
  2 oozes
  An adder skeleton (D:6)
  2 dart slugs (D:1)
  7 leopard geckos
  26 orcs
  A giant cockroach (D:6)
  4 goblins
  9 hobgoblins
  17 jackals
  7 kobolds
  3 quokkas (D:2)
  A ball python (D:3)
  7 bats
  8 frilled lizards
  2 leopard gecko skeletons
  9 rats
186 creatures vanquished.

Vanquished Creatures (others)
  3 plants (D:8)
3 creatures vanquished.

Grand Total: 189 creatures vanquished

Notes
Turn   | Place    | Note
-------+----------+-------------------------------------------
     0 | D:1      | jasper the Demonspawn Transmuter began the quest for the
                  | Orb.
     0 | D:1      | Reached XP level 1. HP: 15/15 MP: 3/3
   444 | D:1      | Reached skill level 3 in Unarmed Combat
   444 | D:1      | Gained mutation: Your flesh is cold resistant. (rC+)
                  | [demonic ancestry]
   444 | D:1      | Reached XP level 2. HP: 11/21 MP: 5/5
  1363 | D:2      | Found a shadowy altar of Dithmenos.
  1363 | D:2      | Found a glowing golden altar of the Shining One.
  1364 | D:2      | Found a radiant altar of Vehumet.
  1371 | D:2      | Noticed Jessica
  1388 | D:2      | Killed Jessica
  1388 | D:2      | Reached skill level 1 in Shields
  1388 | D:2      | Gained mutation: You have large cloven feet. [demonic
                  | ancestry]
  1388 | D:2      | Reached XP level 3. HP: 14/27 MP: 6/6
  1988 | D:2      | Reached XP level 4. HP: 30/33 MP: 7/7
  2139 | D:2      | Found a faded altar of an unknown god.
  2148 | D:2      | Became a worshipper of Warmaster Okawaru
  2148 | D:2      | Reached * piety under Okawaru
  2346 | D:2      | Found a blossoming altar of Fedhas.
  2681 | D:3      | Found an iron altar of Okawaru.
  3051 | D:3      | Reached skill level 4 in Unarmed Combat
  3479 | D:4      | Found Famm's Antique Weapon Emporium.
  3534 | D:4      | Reached XP level 5. HP: 20/39 MP: 6/8
  3743 | D:4      | You fall into a shaft and drop 1 floor!
  3743 | D:5      | Entered Level 5 of the Dungeon
  3754 | D:5      | Got a glimmering scale mail
  3761 | D:5      | Got an ancient scale mail
  3787 | D:5      | Identified the +1 scale mail of Jaeble {rPois rF+ rN+} (You
                  | found it on level 5 of the Dungeon)
  3797 | D:5      | Identified the +1 scale mail of Fashionability {Rampage rC+
                  | Stlth-} (You found it on level 5 of the Dungeon)
  4083 | D:5      | Noticed a centaur
  4101 | D:5      | Killed a centaur
  4119 | D:5      | Reached XP level 6. HP: 31/47 MP: 9/9
  4367 | D:5      | Reached ** piety under Okawaru
  4367 | D:5      | Reached skill level 5 in Unarmed Combat
  5034 | D:5      | Found a basalt altar of Yredelemnul.
  5103 | D:5      | Gained mutation: You are immune to freezing clouds.
                  | [demonic ancestry]
  5103 | D:5      | Reached XP level 7. HP: 50/53 MP: 6/10
  5312 | D:6      | Found a bloodstained altar of Trog.
  5588 | D:5      | Reached skill level 6 in Unarmed Combat
  6059 | D:6      | Noticed Pikel
  6439 | D:6      | Killed Pikel
  6439 | D:6      | Reached *** piety under Okawaru
  6439 | D:6      | Reached skill level 5 in Fighting
  6439 | D:6      | Reached skill level 7 in Unarmed Combat
  6439 | D:6      | Gained mutation: You have a somewhat thin skeletal
                  | structure. (Dex +2, Stealth) [demonic ancestry]
  6439 | D:6      | Reached XP level 8. HP: 64/64 MP: 8/11
  6673 | D:6      | Reached skill level 1 in Armour
  7257 | D:7      | Reached skill level 8 in Unarmed Combat
  7321 | D:7      | Found a staircase to the Ecumenical Temple.
  7447 | D:7      | Identified the +3 leather armour of Monotheism {*Slow Int+4
                  | Stlth+}
  7465 | D:7      | Reached XP level 9. HP: 67/69 MP: 12/12
  7498 | D:7      | Noticed Prince Ribbit
  7533 | D:7      | Killed Prince Ribbit
  7533 | D:7      | Reached **** piety under Okawaru
  7819 | D:7      | Noticed Edmund
  7825 | D:7      | Killed Edmund
  7845 | D:7      | Noticed Sigmund
  7856 | D:7      | Killed Sigmund
  8220 | Temple   | Entered the Ecumenical Temple
  8300 | D:8      | Reached skill level 9 in Unarmed Combat
  8757 | D:8      | Found a staircase to the Lair.
  8758 | D:8      | Noticed a komodo dragon
  8797 | D:8      | HP: 1/72 [komodo dragon (7)]
  8798 | D:8      | Killed a komodo dragon
  9368 | D:9      | Noticed a troll
  9542 | D:9      | Found a hazy altar of Hepliaklqana.
  9919 | D:9      | Got a bloodstained scale mail
  9930 | D:9      | Identified the +3 scale mail "Noups" {rC+ Slay+3 Stlth-}
                  | (You found it on level 9 of the Dungeon)
 10079 | D:9      | Killed an unseen horror
 10079 | D:9      | Received a gift from Okawaru
 10079 | D:9      | Reached skill level 10 in Unarmed Combat
 10079 | D:9      | Reached XP level 10. HP: 21/80 MP: 9/13
 10414 | D:9      | Found a sacrificial altar of Ru.
 10415 | D:9      | Found a hide-covered altar of Uskayaw.
 10473 | D:9      | Noticed Harold
 10505 | D:9      | Mangled by Harold

Illustrated notes

Levels and vault maps discovered:
D:1:      co_arrival_random_square_maze, layout_loops_cross, minmay_misc_feat_x
D:2:      layout_loops_corners, nicolae_overflow_quartered_altars,
          chequers_ecumenical_altar_simple_redux, minmay_pentomino_t4,
          uniq_jessica
D:3:      layout_loops_cross, okawaru_ov_weapons_minmay
D:4:      layout_loops_corners, serial_shops, shop
D:5:      layout_basic, kennysheep_little_box
D:6:      layout_cave_pods, lemuel_round_altar, hangedman_glass_teeth,
          uniq_pikel
D:7:      layout_cave_pods, temple_fountains, minmay_misc_feat_plants,
          sigmund_edmund_badplayer, uniq_prince_ribbit1
D:8:      layout_loops_cross, david_lair_shrubbed
D:9:      layout_small_grid, nicolae_overflow_hidden_temple, old_standard_altar,
          special_room [special_room_orc], uniq_harold
Temple:   compressed_dpeg_circular_temple

Skill      XL: |  1  2  3  4  5  6  7  8  9 |
---------------+----------------------------+-----
Unarmed Combat | 3 4 5 7 8 10 | 10.1
Shields        | 1 2 3 4 |  4.0
Fighting       | 2 3 5 6 7 |  7.9
Armour         | 2 4 |  4.6
Dodging        | |  1.7
Spellcasting   | |  2.0
Transmutations | |  1.7

Action                   |  1- 3 |  4- 6 |  7- 9 | 10-12 || total
-------------------------+-------+-------+-------+-------++-------
Melee: Unarmed           |   124 |   231 |   471 |    48 ||   874
       Kick              |     7 |    57 |   105 |    15 ||   184
       Headbutt          |       |     9 |     1 |       ||    10
Throw: Stone             |     3 |    13 |    30 |       ||    46
       Boomerang         |       |       |    25 |       ||    25
 Cast: Beastly Appendage |       |     6 |     1 |       ||     7
Invok: Heroism           |       |       |    17 |     2 ||    19
Evoke: Wand              |       |       |    15 |       ||    15
  Use: Potion            |     1 |     3 |       |       ||     4
       Scroll            |       |       |     7 |       ||     7
 Stab: Sleeping          |     1 |       |       |       ||     1
       Paralysed         |       |       |     8 |       ||     8
Armor: Robe              |    36 |    11 |       |       ||    47
       Skin              |     4 |       |       |       ||     4
       Leather armour    |     1 |       |       |       ||     1
       Ring mail         |       |    25 |       |       ||    25
       Scale mail        |       |    78 |   174 |    10 ||   262
Dodge: Dodged            |    72 |    82 |   187 |    21 ||   362
Block: Buckler           |    21 |    37 |    93 |     9 ||   160

Table legend: (Time is in decaauts)
 A = Elapsed time spent in this place.
 B = Non-inter-level travel time spent in this place.
 C = Inter-level travel time spent in this place.
 D = Time resting spent in this place.
 E = Time spent auto-exploring this place.
 F = Levels seen in this place.
 G = Mean time per level.
                   A        B        C        D        E       F      G
               +--------+--------+--------+--------+--------+-----+--------+
         Total |  10411 |  10079 |    332 |   2477 |   5788 |  10 | 1041.1 |
       Dungeon |  10409 |  10077 |    332 |   2477 |   5788 |   9 | 1156.6 |
        Temple |      1 |      1 |      0 |      0 |      0 |   1 |    1.0 |
               +--------+--------+--------+--------+--------+-----+--------+

Top non-repeatable levels by time:
     D:6: 1767 daAuts
     D:5: 1634 daAuts
     D:1: 1356 daAuts
     D:2: 1298 daAuts
     D:8: 1130 daAuts
     D:9: 1097 daAuts
     D:7: 1040 daAuts
     D:3: 645 daAuts
     D:4: 439 daAuts
  Temple: 1 daAuts
